Map: Ruby Rock LE

Players

SortOf

  • Race: Zerg Zerg
  • League: Master
  • Spawn Location: 11:00

A.I. 1 (Very Easy) - Winner!

  • Race: Terran Terran
  • Spawn Location: 5:00

VOD

Have the link to the VOD?

Description

Replay from SorfOf's TvZ new build

Time

  • Played on: April 3, 2026, 12:56 a.m.
  • Length: 8:35
Show
View Real Time Build Order
Export as new Build Order

SortOf Zerg 

Build Orders: Hatch First 

Get SALT Encoding   

  12  0:00  Drone  
  13  0:07  Drone  
  14  0:15  Extractor, Drone  
  15  0:21  Overlord  
  15  0:40  Hatchery  
  14  0:45  Drone  
  14  0:49  Drone  
  16  0:52  Drone  
  17  1:06  Spawning Pool  
  17  1:10  Drone  
  17  1:13  Extractor  
  17  1:14  Drone  
  17  1:18  Drone  
  18  1:28  Drone  
  19  1:39  Drone  
  20  1:50  Drone  
  20  1:52  Queen  
  20  1:53  Queen, Drone  
  26  2:00  Zergling x2  
  27  2:03  Zergling x2  
  28  2:12  Overlord  
  28  2:20  Hatchery  
  28  2:22  Drone  
  28  2:32  Drone x2  
  28  2:34  Drone  
  31  2:39  Queen  
  31  2:44  Overlord  
  33  2:48  Drone  
  33  2:49  Drone  
  35  2:53  Metabolic Boost  
  35  2:56  Drone  
  36  3:02  Drone x3  
  36  3:04  Drone  
  40  3:08  Overlord  
  40  3:10  Drone  
  40  3:12  Drone  
  42  3:18  Queen  
  44  3:23  Overlord  
  44  3:28  Queen  
  44  3:30  Drone  
  44  3:32  Zergling x2  
  44  3:34  Zergling x2  
  49  3:36  Drone  
  49  3:39  Drone  
  51  3:44  Drone  
  51  3:46  Drone, Overlord  
  51  3:48  Drone x3  
  56  3:52  Drone  
  56  3:53  Drone x2  
  59  3:57  Queen  
  59  4:02  Queen  
  61  4:08  Drone x3  
  66  4:12  Lair  
  66  4:13  Drone  
  67  4:20  Drone x2  
  67  4:22  Overlord  
  69  4:25  Drone  
  69  4:27  Drone x4  
  74  4:33  Overlord  
  74  4:40  Queen  
  74  4:41  Extractor  
  74  4:44  Extractor  
  76  4:45  Drone x7  
  76  4:48  Drone  
  76  4:49  Hatchery  
  76  4:50  Drone  
  76  4:52  Baneling Nest  
  81  4:53  Drone  
  81  4:57  Drone  
  81  4:59  Extractor  
  82  5:02  Drone x2, Extractor  
  82  5:05  Evolution Chamber x2  
  82  5:07  Drone x2  
  83  5:10  Queen  
  83  5:12  Overlord  
  85  5:15  Drone x3  
  88  5:23  Overlord  
  88  5:24  Drone x2  
  88  5:25  Overlord  
  90  5:28  Overlord x2  
  90  5:29  Hatchery  
  90  5:32  Drone x3  
  94  5:35  Drone x2  
  94  5:44  Centrifugal Hooks, Zerg Ground Armor Level 1  
  94  5:45  Zerg Melee Weapons Level 1, Drone x2  
  94  5:46  Drone x3  
  99  5:50  Overseer  
  99  5:51  Drone x3  
  99  5:54  Infestation Pit  
  101  5:58  Drone x5  
  106  6:04  Hatchery  
  106  6:08  Zergling x4  
  107  6:15  Zergling x18  
  107  6:16  Overlord  
  116  6:19  Extractor  
  116  6:22  Infestation Pit  
  115  6:27  Queen  
  115  6:28  Zergling x6  
  115  6:29  Zergling x6  
  115  6:31  Baneling x11  
  123  6:34  Hive  
  123  6:36  Zergling x6  
  123  6:37  Zergling x2  
  127  6:41  Zergling x8  
  127  6:45  Zergling x10  
  135  6:53  Zergling x6  
  138  7:05  Zergling x20  
  148  7:08  Overlord  
  148  7:09  Overseer, Pneumatized Carapace  
  148  7:11  Zergling x4  
  148  7:12  Baneling x14  
  148  7:13  Overlord x3  
  150  7:18  Zergling x12  
  156  7:31  Overlord x3  
  156  7:32  Extractor, Drone  
  156  7:33  Overlord x2  
  156  7:36  Drone x3  
  161  7:37  Zergling x18  
  168  7:46  Zergling x6  
  168  7:50  Viper x2  
  177  7:56  Zergling x6  
  180  8:01  Zergling x12  
  186  8:05  Zergling x10  
  186  8:06  Zergling x2  
  186  8:08  Overlord  
  186  8:12  Zergling x12  
  198  8:17  Zergling x4  
Show
View Real Time Build Order
Export as new Build Order

A.I. 1 (Very Easy) Terran - Winner!

Build Orders: Reaper Expand 

Get SALT Encoding   

  12  0:00  SCV  
  13  0:13  SCV  
  14  0:18  Supply Depot  
  14  0:42  Barracks  
  14  1:02  Command Center  
  14  1:30  Supply Depot, Orbital Command  
  14  1:31  Marine  
  15  1:35  Refinery  
  15  1:47  Refinery  
  15  1:55  SCV  
  16  2:07  SCV  
  17  2:14  SCV  
  19  2:15  Reaper  
  19  2:21  SCV  
  20  2:28  SCV  
  21  2:35  SCV  
  22  2:42  SCV  
  23  2:48  Refinery  
  23  2:50  SCV  
  24  2:55  Marine  
  24  2:57  SCV  
  26  3:04  SCV  
  27  3:11  SCV  
  27  3:12  Factory  
  28  3:35  Refinery, SCV, Marine  
  30  3:42  SCV  
  31  3:49  SCV  
  31  3:53  Supply Depot  
  32  3:56  SCV  
  32  3:59  Starport  
  33  4:04  SCV  
  34  4:11  SCV  
  34  4:16  Reaper  
  36  4:18  SCV  
  37  4:25  SCV  
  38  4:32  SCV  
  38  4:36  Supply Depot  
  38  4:37  Starport Tech Lab  
  39  4:39  SCV  
  39  4:47  SCV  
  39  4:49  Barracks Tech Lab  
  40  4:54  SCV  
  40  4:56  Raven  
  43  5:01  SCV  
  44  5:07  Marine  
  44  5:08  SCV  
  46  5:15  SCV  
  47  5:22  SCV  
  48  5:30  SCV, Raven  
  50  5:47  Marine  
  50  6:04  SCV  
  51  6:27  Marauder  
  52  6:47  SCV  
  53  7:55  SCV  
Tags
 
Add a new tag
Caveats
  • Supply blocks, unpowered buildings, or Contaminate may cause inaccurate times.
  • Supply counts are checked every 10 seconds.